 Dungeon Crawl Stone Soup version 0.23.2-11-gf996548c65 (webtiles) character file.

Game seed: 15195718482929029506

827 conseemida the Insei (level 7, 0/45 HPs)
             Began as an Octopode Transmuter on June 4, 2019.
             Slain by a phantom (8 damage)
             ... on level 6 of the Dungeon.
             The game lasted 00:13:39 (6845 turns).

conseemida the Insei (Octopode Transmuter)          Turns: 6845, Time: 00:13:40

Health: 0/45       AC:  2    Str:  9    XL:     7   Next: 97%
Magic:  11/12      EV: 22    Int: 16    God:
Gold:   272        SH:  0    Dex: 19    Spells: 3/13 levels left

rFire    . . .     SeeInvis .     - Unarmed
rCold    . . .     Gourm    .   (shield currently unavailable)
rNeg     . . .     Faith    .   (helmet currently unavailable)
rPois    x         Spirit   .   (no amulet)
rElec    .         Reflect  .   n - +2 ring of evasion
rCorr    .         Harm     .   (no ring)
MR       .....                  (no ring)
Stlth    ++........             (no ring)
HPRegen  0.15/turn              (no ring)
MPRegen  0.13/turn              (no ring)
                                (no ring)
                                (no ring)

@: spider-form (expiring)
A: tiny, almost no armour, stealthy swim, (amphibious), 8 rings, (constrict 8)
a: End Transformation


You were on level 6 of the Dungeon.
You were not hungry.
You were a venomous arachnid creature.
You visited 1 branch of the dungeon, and saw 6 of its levels.

You collected 272 gold pieces.

Inventory:

Hand Weapons
 o - a +4 short sword
Missiles
 a - 77 arrows
 l - 5 poisoned javelins (quivered)
Jewellery
 n - a +2 ring of evasion (left front leg)
Wands
 p - a wand of paralysis (11)
 u - a wand of flame (16)
Scrolls
 b - a scroll of fear
 d - 6 scrolls of remove curse
 f - 2 scrolls of magic mapping {unknown}
 h - 5 scrolls of amnesia
 i - 5 scrolls of identify {unknown}
 q - 3 scrolls of teleportation {unknown}
 v - 2 scrolls of fog {unknown}
 w - a scroll of noise {unknown}
 y - a scroll of blinking {unknown}
Potions
 e - 4 potions of agility {unknown}
 g - 2 potions of curing {unknown}
 j - 2 potions of lignification
 k - 2 potions of degeneration {unknown}
 m - a potion of haste {unknown}
 r - a potion of cancellation {unknown}
 t - a potion of ambrosia {unknown}
 x - a potion of flight {unknown}
 z - a potion of resistance {unknown}
Comestibles
 c - 12 rations
 s - 3 chunks of flesh


   Skills:
 * Level 2.3 Fighting
 - Level 2.4 Dodging
 + Level 1.0 Stealth
 + Level 5.3 Unarmed Combat
 * Level 3.9 Spellcasting
 * Level 3.3 Transmutations
 * Level 1.7 Ice Magic
 - Level 5.0 Poison Magic


You had 3 spell levels left.
You knew the following spells:

 Your Spells              Type           Power        Failure   Level  Hunger
a - Beastly Appendage     Tmut           ##....       13%         1    None
b - Sticks to Snakes      Tmut           ##......     19%         2    ##.....
c - Spider Form           Tmut/Pois      ###.......   24%         3    ###....
d - Ice Form              Ice/Tmut       ##......     73%         4    ####...

Your spell library contained the following spells:

 Spells                   Type           Power        Failure   Level  Hunger
 Blade Hands              Tmut           ##........   90%         5    ######.


Dungeon Overview and Level Annotations

Branches:
Dungeon (6/15)
 Temple: D:4-7

Altars:
Sif Muna
Zin
The Shining One

Shops:
D:6 !*


Innate Abilities, Weirdness & Mutations

You cannot wear most types of armour.
You are very stealthy in the water. (Stealth+)
((You are amphibious.))
You can wear up to eight rings at the same time.
((You can use your tentacles to constrict eight enemies at once.))
((Your skin changes colour to match your surroundings (Stealth+).))
((Your rubbery body absorbs attacks. (AC +1, EV +1)))


Message History

The gnoll misses you.
Things that are here:
a +0 flail; 2 throwing nets You hit the phantom.
The phantom is lightly damaged.
The phantom hits you. The gnoll misses you.
You hit the gnoll.
The gnoll looks as sick as possible!
The gnoll is almost dead.
Your transformation is almost over.
You kill the gnoll!
The phantom closely misses you. The gnoll hits you!
* * * LOW HITPOINT WARNING * * *
Things that are here:
a +0 club; a +0 scale mail; a +0 halberd The gnoll hits you.
* * * LOW HITPOINT WARNING * * *
The phantom blinks!
The phantom hits you!
You die...

### #######.##
...##.#.########
#.#)###.......#
####..## ##.#.##.#
#....## ##<#.#s####
#.##..## ##.#§)g.W..#
#.##.#.###.#####.##.#
.....##.#..#####.##.#
#.#####.∩#.......##.#
#.#
#############.####
..##### #.......#
......# #.##.##.#
.####.# # #.# #


You could see a phantom and a gnoll.

Vanquished Creatures
  An ogre (D:6)
  A howler monkey (D:4)
  A crimson imp (D:5)
  2 orc priests (D:4)
  A bullfrog skeleton (D:4)
  2 hounds
  5 orc wizards (D:4)
  Jessica (D:2)
  Ijyb (D:3)
  Terence (D:2)
  10 gnolls
  6 adders
  3 worms
  2 dart slugs
  3 leopard geckos
  12 orcs
  4 giant cockroaches
  8 goblins
  17 hobgoblins
  12 jackals
  4 quokkas
  A ball python (D:5)
  4 bats
  6 frilled lizards
  8 kobolds
  A quokka skeleton (D:5)
  10 rats
127 creatures vanquished.

Vanquished Creatures (collateral kills)
  A worker ant (D:5)
1 creature vanquished.

Grand Total: 128 creatures vanquished

Notes
Turn   | Place    | Note
-------+----------+-------------------------------------------
     0 | D:1      | conseemida the Octopode Transmuter began the quest for the
                  | Orb.
     0 | D:1      | Reached XP level 1. HP: 13/13 MP: 3/3
   355 | D:1      | Reached XP level 2. HP: 18/18 MP: 3/5
   371 | D:1      | Learned a level 2 spell: Sticks to Snakes
  1434 | D:1      | Reached XP level 3. HP: 20/23 MP: 4/6
  2020 | D:2      | Learned a level 3 spell: Spider Form
  2058 | D:2      | Noticed Terence
  2067 | D:2      | Killed Terence
  2067 | D:2      | Reached XP level 4. HP: 21/28 MP: 3/7
  2690 | D:2      | Noticed Jessica
  2697 | D:2      | Killed Jessica
  2702 | D:2      | Reached XP level 5. HP: 30/33 MP: 2/8
  3859 | D:3      | Noticed Ijyb
  3874 | D:3      | Killed Ijyb
  4172 | D:3      | Found a faded altar of an unknown god.
  4256 | D:3      | Found a deep blue altar of Sif Muna.
  4358 | D:4      | Reached XP level 6. HP: 34/38 MP: 7/9
  4392 | D:4      | Found a glowing silver altar of Zin.
  4765 | D:4      | Reached skill level 5 in Poison Magic
  4967 | D:3      | Learned a level 4 spell: Ice Form
  5057 | D:4      | Reached XP level 7. HP: 34/43 MP: 6/11
  5260 | D:4      | Found a glowing golden altar of the Shining One.
  5502 | D:4      | Reached skill level 1 in Ice Magic
  5777 | D:5      | Entered Level 5 of the Dungeon
  6230 | D:5      | Reached skill level 5 in Unarmed Combat
  6731 | D:6      | Found Naohomah's Distillery.
  6756 | D:6      | Reached skill level 1 in Stealth
  6782 | D:6      | Found Liokhlele's Assorted Antiques.
  6845 | D:6      | Slain by a phantom

Skill      XL: |  1  2  3  4  5  6  7 |
---------------+----------------------+-----
Poison Magic   | 2 3 4 5 |  5.0
Unarmed Combat | 4 5 |  5.3
Spellcasting   | 3 |  3.9
Transmutations | 3 |  3.3
Ice Magic      | 1 |  1.7
Fighting       | 2 |  2.3
Stealth        | 1 |  1.0
Dodging        | |  2.4

Action                   |  1- 3 |  4- 6 |  7- 9 || total
-------------------------+-------+-------+-------++-------
Melee: Unarmed           |    72 |   194 |   105 ||   371
       Kick              |     6 |     5 |     6 ||    17
       Constrict         |    20 |    27 |    13 ||    60
       Tentacles         |    12 |    19 |     8 ||    39
       Punch             |     3 |     3 |       ||     6
 Cast: Beastly Appendage |     4 |     9 |     3 ||    16
       Spider Form       |     1 |     7 |     6 ||    14
       Sticks to Snakes  |       |     4 |     2 ||     6
  Use: Scroll            |     3 |       |       ||     3
       Potion            |       |     1 |       ||     1
 Stab: Sleeping          |     6 |     7 |     3 ||    16
       Distracted        |       |     1 |       ||     1
  Eat: Chunk             |     3 |    10 |     8 ||    21
Armor: Skin              |     9 |   116 |     4 ||   129
Dodge: Dodged            |    48 |   127 |    86 ||   261
